 Dungeon Crawl Stone Soup version 0.26.1-11-gd32895ea62 (webtiles) character file.

Game seed: 1771522446939386855

1661 eagelman13508 the Basher (level 8, -3/74 HPs)
             Began as a Troll Berserker on June 23, 2021.
             Was a Priest of Trog.
             Slain by Duvessa
             ... wielding a +0 short sword
              (12 damage)
             ... on level 7 of the Dungeon on June 27, 2021.
             The game lasted 00:34:32 (5985 turns).

eagelman13508 the Basher (Troll Berserker)          Turns: 5985, Time: 00:34:32

Health: -3/74      AC:  6    Str: 34      XL:     8   Next: 69%
Magic:  16/16      EV:  7    Int:  3      God:    Trog [***...]
Gold:   302        SH: 10    Dex:  7 (9)  Spells: 7/7 levels left

rFire    . . .     SeeInvis .   a - +0 mace
rCold    . . .     Faith    .   c - +2 kite shield
rNeg     . . .     Spirit   .   b - +0 animal skin
rPois    .         Reflect  .   (helmet restricted)
rElec    .         Harm     .   (no cloak)
rCorr    .         Rampage  .   (gloves unavailable)
Will     .....                  (boots unavailable)
Stlth    +.........             F - amulet of the acrobat
HPRegen  0.62/turn              m - +6 ring of strength
MPRegen  0.15/turn              t - ring of magical power

@: berserk cooldown, slowed, glowing, very slow
A: large, unfitting armour, claws 3, regeneration 1, shaggy fur 1, tough skin 3
a: Renounce Religion, Berserk, Trog's Hand


You were on level 7 of the Dungeon.
You worshipped Trog.
Trog was most pleased with you.
You visited 1 branch of the dungeon, and saw 7 of its levels.

You collected 380 gold pieces.
You spent 78 gold pieces at shops.

Inventory:

Hand Weapons
 a - a +0 mace (weapon)
 s - a +0 giant club
Missiles
 h - 157 stones
 p - 7 poisoned darts (quivered)
 v - a throwing net
 x - 6 atropa-tipped darts
 A - 3 boomerangs
Armour
 b - a +0 animal skin (worn)
 c - a +2 kite shield (worn)
Jewellery
 m - a +6 ring of strength (left claw)
 t - a ring of magical power (right claw)
 F - an amulet of the acrobat (around neck)
 K - the ring "Naniylla" {*Drain +Fly rF- rC+++ rCorr}
   (You found it on level 6 of the Dungeon)

   [ring of resist corrosion]

   It makes you vulnerable to fire.
   It renders you almost immune to cold.
   It lets you fly.
   It provides partial protection from all sources of acid and corrosion.
   It causes draining when unequipped.
Wands
 y - a wand of random effects (21)
 J - a wand of paralysis (8)
Scrolls
 d - 4 scrolls of identify
 f - 2 scrolls of enchant weapon {unknown}
 g - 3 scrolls of teleportation
 i - 3 scrolls of remove curse {unknown}
 l - 4 scrolls of immolation {unknown}
 n - a scroll of fear {unknown}
 q - a scroll of enchant armour {unknown}
 r - 2 scrolls of amnesia {unknown}
 u - 2 scrolls of random uselessness {unknown}
 B - 2 scrolls of magic mapping
 C - 2 scrolls of blinking {unknown}
 D - a scroll of noise {unknown}
Potions
 e - 3 potions of lignification {unknown}
 j - 3 potions of curing
 k - a potion of attraction {unknown}
 o - 3 potions of haste {unknown}
 w - a potion of berserk rage {unknown}
 z - a potion of degeneration {unknown}
 E - 3 potions of brilliance {unknown}
 G - a potion of magic {unknown}
 H - a potion of might {unknown}
 I - 2 potions of heal wounds
 L - a potion of resistance {unknown}
 M - a potion of invisibility {unknown}


   Skills:
 - Level 2.4 Fighting
 + Level 10.2 Maces & Flails
 + Level 1.6 Throwing
 - Level 2.4 Dodging
 - Level 1.0 Shields


You had 7 spell levels left.
You didn't know any spells.
Your spell library was empty.

Dungeon Overview and Level Annotations

Branches:
Dungeon (7/15)             Temple (0/1) D:5

Altars:
Cheibriados
Dithmenos
Fedhas
Gozag
Kikubaaqudgha
Vehumet
The Shining One

Shops:
D:4 =*   D:5 [

Annotations:
D:7 Duvessa


Innate Abilities, Weirdness & Mutations

You are too large for most types of armour.
You have claws for hands.
Your natural rate of healing is unusually fast.
You are covered in fur. (AC +1)
You have extremely tough skin. (AC +3)


Message History

Duvessa hits you with a +0 short sword.
* * * LOW HITPOINT WARNING * * *
Duvessa hits you with a +0 short sword.
* * * LOW HITPOINT WARNING * * *
Duvessa hits you but does no damage.
Okay, then.
You hit Duvessa.
Duvessa is severely wounded.
Duvessa hits you with a +0 short sword.
* * * LOW HITPOINT WARNING * * *
You block Duvessa's attack.
You hit Duvessa.
Duvessa is severely wounded.
You block Duvessa's attack.
You hit Duvessa.
Duvessa is almost dead.
Duvessa hits you with a +0 short sword.
* * * LOW HITPOINT WARNING * * *
Duvessa hits you with a +0 short sword!
You die...

#....#....#............#
..........#............#
...........####...<..#
#....#..#### #..... ##.
#..# .... #.. #..# ##
#... #.## .#....#.#
......)@# .....>e.....#
#..............
##......#####..
#.......# ........#
.#.....## ##....


You could see Duvessa (berserk, fast).

Vanquished Creatures
  Grinder (D:3)
  2 orc warriors
  2 ogres
  2 centaurs (D:6)
  A bullfrog (D:4)
  A scorpion (D:5)
  Dowan (D:7)
  3 killer bees (D:5)
  2 howler monkeys (D:5)
  A bullfrog zombie (D:7)
  A hound (D:4)
  A quasit (D:5)
  A bullfrog skeleton (D:6)
  3 orc wizards
  Jessica (D:3)
  6 worker ants
  Ijyb (D:3)
  A hound zombie (D:6)
  4 adders
  A howler monkey skeleton (D:4)
  A white imp (D:5)
  2 ufetubi
  An ooze (D:5)
  3 worms
  3 dart slugs (D:1)
  A leopard gecko (D:2)
  13 orcs
  5 bats
  5 giant cockroaches
  11 goblins
  7 hobgoblins
  4 kobolds
  2 quokkas
  A frilled lizard (D:1)
  A quokka skeleton (D:4)
  A quokka zombie (D:5)
  7 rats
104 creatures vanquished.

Notes
Turn   | Place    | Note
-------+----------+-------------------------------------------
     0 | D:1      | eagelman13508 the Troll Berserker began the quest for the
                  | Orb.
     0 | D:1      | Reached XP level 1. HP: 22/22 MP: 0/0
   181 | D:1      | Reached skill level 3 in Maces & Flails
   187 | D:1      | Reached XP level 2. HP: 29/29 MP: 1/1
   751 | D:1      | Reached XP level 3. HP: 36/36 MP: 2/2
  1112 | D:2      | Found a blossoming altar of Fedhas.
  1235 | D:2      | Found a snail-covered altar of Cheibriados.
  1432 | D:2      | Reached skill level 1 in Shields
  1526 | D:3      | Noticed Jessica
  1532 | D:3      | Killed Jessica
  1533 | D:3      | Reached skill level 4 in Maces & Flails
  1533 | D:3      | Reached XP level 4. HP: 36/44 MP: 3/3
  1587 | D:3      | Noticed Grinder
  1613 | D:3      | Paralysed by Grinder for 7 turns
  1667 | D:3      | Paralysed by Grinder for 7 turns
  1798 | D:3      | Found an opulent altar of Gozag.
  1866 | D:3      | Reached ** piety under Trog
  1926 | D:3      | Killed Grinder
  1927 | D:3      | Reached skill level 6 in Maces & Flails
  1927 | D:3      | Reached XP level 5. HP: 50/50 MP: 4/4
  1927 | D:3      | Reached XP level 6. HP: 59/59 MP: 5/5
  2248 | D:3      | Found a glowing golden altar of the Shining One.
  2316 | D:3      | Found a radiant altar of Vehumet.
  2379 | D:3      | Noticed Ijyb
  2387 | D:3      | Killed Ijyb
  2904 | D:4      | Reached skill level 7 in Maces & Flails
  2904 | D:4      | Reached XP level 7. HP: 66/66 MP: 6/6
  3032 | D:4      | Found Jiteut's Jewellery Emporium.
  3576 | D:4      | Found Ercheem's General Store.
  3585 | D:4      | Bought a scroll of magic mapping for 42 gold pieces
  3585 | D:4      | Bought a potion of curing for 36 gold pieces
  3737 | D:5      | Entered Level 5 of the Dungeon
  3752 | D:5      | Reached skill level 8 in Maces & Flails
  3951 | D:5      | Reached skill level 1 in Throwing
  4220 | D:5      | Found Ledd's Armour Emporium.
  4335 | D:5      | Found a staircase to the Ecumenical Temple.
  4458 | D:5      | Found a shadowy altar of Dithmenos.
  4504 | D:5      | Reached XP level 8. HP: 70/74 MP: 7/7
  4621 | D:5      | Found an ancient bone altar of Kikubaaqudgha.
  4985 | D:6      | Reached skill level 9 in Maces & Flails
  5041 | D:6      | Got a scorched golden ring
  5042 | D:6      | Identified the ring "Naniylla" {*Drain +Fly rF- rC+++
                  | rCorr} (You found it on level 6 of the Dungeon)
  5832 | D:7      | Reached skill level 10 in Maces & Flails
  5951 | D:7      | Noticed Dowan
  5952 | D:7      | Noticed Duvessa
  5979 | D:7      | Killed Dowan
  5979 | D:7      | Reached *** piety under Trog
  5985 | D:7      | Slain by Duvessa

Illustrated notes

Levels and vault maps discovered:
D:1:      nicolae_arrival_somewhat_less_tricky_arrival, layout_basic
D:2:      layout_basic, fedhas_altar_4, lemuel_round_altar
D:3:      layout_loops_ring, lemuel_coloured_pillars_altar,
          nicolae_gozag_seed_capital, lemuel_crystal_altar, uniq_ijyb,
          uniq_robin, uniq_grinder, uniq_jessica
D:4:      minmay_wonky_spiral, layout_loops_ring, serial_shops,
          nicolae_shop_stone, shop_fountains, minmay_misc_feat_secret_circle
D:5:      layout_loops_ring, grunt_dithmenos_smoke, general_overflow_altar,
          temple_doors_cd, serial_shops,
          nicolae_shop_temple_entry_statues_fountains
D:6:      layout_basic
D:7:      layout_layer_cave, elyvilon_altar_1, uniq_duvessa, uniq_maggie

Skill      XL: |  1  2  3  4  5  6  7  8 |
---------------+-------------------------+-----
Maces & Flails | 3 4 6 7 8 10 | 10.2
Shields        | 1 |  1.0
Throwing       | 1 |  1.6
Fighting       | |  2.4
Dodging        | |  2.4

Action                   |  1- 3 |  4- 6 |  7- 9 || total
-------------------------+-------+-------+-------++-------
Melee: Mace              |   125 |   107 |   268 ||   500
Throw: Dart              |       |     5 |       ||     5
       Stone             |       |     2 |       ||     2
Invok: Berserk           |     1 |     5 |     5 ||    11
       Trog's Hand       |       |     1 |     1 ||     2
  Use: Scroll            |     1 |     1 |     3 ||     5
       Potion            |       |     2 |     2 ||     4
Armor: Animal skin       |    35 |    28 |   108 ||   171
Dodge: Dodged            |    42 |    28 |    68 ||   138
Block: Kite shield       |    68 |    58 |   169 ||   295
